% Time on Ice - BANFF WOLVES
Lines # - Real PCT - Wanted PCT - Time Play
Normal Forward
1 - 33% - 34% - 18:32
2 - 30% - 34% - 16:54
3 - 24% - 27% - 13:37
4 - 12% - 5% - 6:59
Normal Defense
1 - 32% - 36% - 18:07
2 - 36% - 33% - 20:22
3 - 25% - 21% - 13:48
4 - 7% - 10% - 3:45
PP Forward
1 - 64% - 55% - 1:16
2 - 36% - 45% - 0:43
PP Defense
1 - 36% - 55% - 0:43
2 - 64% - 45% - 1:16
PK Forward
1 - 51% - 55% - 1:01
2 - 49% - 45% - 0:58
PK Defense
1 - 12% - 55% - 0:14
2 - 88% - 45% - 1:45
PK3 Forward
1 - 0% - 55%
2 - 0% - 45%
PK3 Defense
1 - 0% - 55%
2 - 0% - 45%
44 Forward
1 - 0% - 55%
2 - 0% - 45%
44 Defense
1 - 0% - 55%
2 - 0% - 45%
Last Minute Offensive  - 0:00
Last Minute Defensive  - 0:00
Total
Forward - 60:00
Defense - 60:00
% Time on Ice - KELOWNA ROCKETS
Lines # - Real PCT - Wanted PCT - Time Play
Normal Forward
1 - 34% - 37% - 19:00
2 - 37% - 37% - 20:57
3 - 24% - 26% - 13:26
4 - 5% - 0% - 2:39
Normal Defense
1 - 33% - 35% - 18:17
2 - 35% - 34% - 19:38
3 - 31% - 31% - 17:06
4 - 2% - 0% - 1:01
PP Forward
1 - 65% - 65% - 1:17
2 - 35% - 35% - 0:42
PP Defense
1 - 65% - 65% - 1:17
2 - 35% - 35% - 0:42
PK Forward
1 - 59% - 55% - 1:10
2 - 41% - 45% - 0:49
PK Defense
1 - 61% - 55% - 1:13
2 - 39% - 45% - 0:46
PK3 Forward
1 - 0% - 55%
2 - 0% - 45%
PK3 Defense
1 - 0% - 55%
2 - 0% - 45%
44 Forward
1 - 0% - 55%
2 - 0% - 45%
44 Defense
1 - 0% - 55%
2 - 0% - 45%
Last Minute Offensive  - 0:00
Last Minute Defensive  - 0:00
Total
Forward - 60:00
Defense - 60:00
Play-by-Play 1st period 0:01 of 1st period - Jack Eichel wins face-off versus Evgeny Kuznetsov in neutral zone. 0:28 of 1st period - Shot by Alexander Ovechkin. 0:28 of 1st period - Stopped by Ilya Samsonov without a rebound. 0:29 of 1st period - Auston Matthews wins face-off versus Roope Hintz in BANFF WOLVES zone. 1:08 of 1st period - Shot by Auston Matthews. 1:08 of 1st period - Shot Misses the Net. 1:17 of 1st period - Off-side. 1:18 of 1st period - Anthony Cirelli wins face-off versus Joel Kellman in neutral zone. 1:29 of 1st period - Shot by Vladimir Tarasenko. 1:29 of 1st period - Shot Misses the Net. 2:51 of 1st period - Icing by Jack Eichel. 2:52 of 1st period - Jack Eichel wins face-off versus Evgeny Kuznetsov in BANFF WOLVES zone. 3:17 of 1st period - Shot by Tyler Bertuzzi. 3:17 of 1st period - Shot Misses the Net. 3:33 of 1st period - Shot by Jason Zucker. 3:33 of 1st period - Shot Misses the Net. 3:35 of 1st period - Shot by Mathew Dumba. 3:35 of 1st period - Stopped by Tuukka Rask without a rebound. 3:36 of 1st period - Pavel Buchnevich wins face-off versus Dominic Turgeon in KELOWNA ROCKETS zone. 4:01 of 1st period - Shot by Auston Matthews. 4:01 of 1st period - Shot Misses the Net. 5:11 of 1st period - Shot by Alex Tuch. 5:11 of 1st period - Stopped by Tuukka Rask with a rebound. 6:03 of 1st period - Icing by Dmitri Orlov. 6:04 of 1st period - Roope Hintz wins face-off versus Noah Gregor in KELOWNA ROCKETS zone. 6:19 of 1st period - Shot by Roope Hintz. 6:19 of 1st period - Stopped by Tuukka Rask without a rebound. 6:20 of 1st period - Auston Matthews wins face-off versus Jack Eichel in KELOWNA ROCKETS zone. 6:34 of 1st period - Auston Matthews is hit by Johnny Boychuk and loses puck. 6:44 of 1st period - Pavel Buchnevich is hit by Johnny Boychuk. 6:51 of 1st period - Auston Matthews is hit by Johnny Boychuk and loses puck. 7:07 of 1st period - Shot by Auston Matthews. 7:07 of 1st period - Shot Blocked by Johnny Boychuk. 7:36 of 1st period - Shot by Alexander Ovechkin. 7:36 of 1st period - Shot Misses the Net. 7:38 of 1st period - Shot by Alexander Ovechkin. 7:38 of 1st period - Shot Misses the Net. 7:46 of 1st period - Shot by Alexander Ovechkin. 7:46 of 1st period - Shot Misses the Net. 8:39 of 1st period - Jonas Siegenthaler is hit by Mike Ferland and loses puck. 8:45 of 1st period - Minor Penalty to Jonas Siegenthaler for Hooking. 8:46 of 1st period - Jack Eichel wins face-off versus Anthony Cirelli in KELOWNA ROCKETS zone. 9:03 of 1st period - Shot by Jack Eichel. 9:03 of 1st period - Shot Blocked by Anthony Cirelli. 9:05 of 1st period - Shot by Jason Zucker. 9:05 of 1st period - Stopped by Tuukka Rask without a rebound. 9:06 of 1st period - Auston Matthews wins face-off versus James van Riemsdyk in KELOWNA ROCKETS zone. 9:25 of 1st period - Shot by Kevin Labanc. 9:25 of 1st period - Shot Misses the Net. 9:27 of 1st period - Shot by Brady Tkachuk. 9:27 of 1st period - Stopped by Tuukka Rask without a rebound. 9:28 of 1st period - Jack Eichel wins face-off versus Anthony Cirelli in KELOWNA ROCKETS zone. 9:47 of 1st period - Shot by Miro Heiskanen. 9:47 of 1st period - Shot Misses the Net. 9:49 of 1st period - Shot by Jason Zucker. 9:49 of 1st period - Stopped by Tuukka Rask without a rebound. 9:50 of 1st period - Auston Matthews wins face-off versus James van Riemsdyk in KELOWNA ROCKETS zone. 10:10 of 1st period - Off-side. 10:11 of 1st period - Anthony Cirelli wins face-off versus Jack Eichel in neutral zone. 10:59 of 1st period - Shot by Tyler Bertuzzi. 10:59 of 1st period - Stopped by Ilya Samsonov without a rebound. 11:00 of 1st period - Auston Matthews wins face-off versus Jack Eichel in BANFF WOLVES zone. 11:07 of 1st period - Shot by Jack Eichel. 11:07 of 1st period - Stopped by Tuukka Rask with a rebound. 11:25 of 1st period - Icing by Brady Tkachuk. 11:26 of 1st period - Alexander Ovechkin wins face-off versus Jack Eichel in BANFF WOLVES zone. 11:26 of 1st period - Minor Penalty to Johnny Boychuk for Interference. 11:27 of 1st period - Evgeny Kuznetsov wins face-off versus Jack Eichel in BANFF WOLVES zone. 12:39 of 1st period - Anthony Cirelli is hit by Brady Tkachuk and loses puck. 13:00 of 1st period - Shot by Kristopher Letang. 13:00 of 1st period - Deflect By Pavel Buchnevich. 13:00 of 1st period - Shot Blocked by Brady Tkachuk. 13:02 of 1st period - Shot by Anthony Cirelli. 13:02 of 1st period - Shot Blocked by Mathew Dumba. 13:04 of 1st period - Shot by Kristopher Letang. 13:04 of 1st period - Stopped by Ilya Samsonov without a rebound. 13:05 of 1st period - Jack Eichel wins face-off versus Evgeny Kuznetsov in BANFF WOLVES zone. 13:29 of 1st period - Shot by Alexander Ovechkin. 13:29 of 1st period - Deflect By Auston Matthews. 13:29 of 1st period - Stopped by Ilya Samsonov with a rebound. 13:41 of 1st period - Shot by Auston Matthews. 13:41 of 1st period - Stopped by Ilya Samsonov without a rebound. 13:42 of 1st period - Noah Gregor wins face-off versus Dominic Turgeon in BANFF WOLVES zone. 13:48 of 1st period - Vladislav Kamenev is hit by Jamie Oleksiak. 14:01 of 1st period - Icing by Dmitri Orlov. 14:02 of 1st period - Noah Gregor wins face-off versus Roope Hintz in KELOWNA ROCKETS zone. 14:02 of 1st period - Noah Gregor is hit by Roope Hintz. 14:48 of 1st period - Shot by Alexander Ovechkin. 14:48 of 1st period - Goal by Alexander Ovechkin - BANFF WOLVES : 0 - KELOWNA ROCKETS : 1. 14:49 of 1st period - Jack Eichel wins face-off versus Auston Matthews in neutral zone. 14:54 of 1st period - Shot by Jack Eichel. 14:54 of 1st period - Shot Misses the Net. 15:08 of 1st period - Shot by Auston Matthews. 15:08 of 1st period - Deflect By Jordan Eberle. 15:08 of 1st period - Stopped by Ilya Samsonov with a rebound. 15:34 of 1st period - Shot by Auston Matthews. 15:34 of 1st period - Shot Misses the Net. 15:58 of 1st period - Shot by Alexander Ovechkin. 15:58 of 1st period - Shot Misses the Net. 16:49 of 1st period - Shot by Anthony Cirelli. 16:49 of 1st period - Shot Blocked by Jamie Oleksiak. 16:59 of 1st period - Shot by Jason Zucker. 16:59 of 1st period - Stopped by Tuukka Rask without a rebound. 17:00 of 1st period - Auston Matthews wins face-off versus Alex Tuch in KELOWNA ROCKETS zone. 17:53 of 1st period - Icing by Mathew Dumba. 17:54 of 1st period - Dominic Turgeon wins face-off versus Anthony Cirelli in BANFF WOLVES zone. 17:58 of 1st period - Mike Ferland is hit by Vladimir Tarasenko and loses puck. 18:12 of 1st period - Shot by Dryden Hunt. 18:12 of 1st period - Deflect By Mike Ferland. 18:12 of 1st period - Stopped by Tuukka Rask without a rebound. 18:13 of 1st period - Roope Hintz wins face-off versus Evgeny Kuznetsov in KELOWNA ROCKETS zone. 18:48 of 1st period - Shot by Jason Zucker. 18:48 of 1st period - Stopped by Tuukka Rask without a rebound. 18:49 of 1st period - Anthony Cirelli wins face-off versus Joel Kellman in KELOWNA ROCKETS zone. 19:18 of 1st period - Shot by Anthony Cirelli. 19:18 of 1st period - Stopped by Ilya Samsonov without a rebound. 19:19 of 1st period - Auston Matthews wins face-off versus Jack Eichel in BANFF WOLVES zone. 19:24 of 1st period - Shot by Auston Matthews. 19:24 of 1st period - Stopped by Ilya Samsonov without a rebound. 19:25 of 1st period - Evgeny Kuznetsov wins face-off versus Roope Hintz in BANFF WOLVES zone. 19:25 of 1st period - Evgeny Kuznetsov is hit by Drew Doughty. 19:45 of 1st period - Shot by Alexander Ovechkin. 19:45 of 1st period - Shot Blocked by Miro Heiskanen. 19:51 of 1st period - Shot by Tyler Bertuzzi. 19:51 of 1st period - Stopped by Ilya Samsonov without a rebound. 19:52 of 1st period - Auston Matthews wins face-off versus Jack Eichel in BANFF WOLVES zone. 19:52 of 1st period - Jordan Eberle is hit by Jamie Oleksiak and loses puck. Goals for this period are 0 for BANFF WOLVES vs 1 for KELOWNA ROCKETS. Shots for this period are 10 for BANFF WOLVES vs 10 for KELOWNA ROCKETS. 2nd period 0:01 of 2nd period - Roope Hintz wins face-off versus Auston Matthews in neutral zone. 0:10 of 2nd period - Shot by James van Riemsdyk. 0:10 of 2nd period - Stopped by Tuukka Rask without a rebound. 0:11 of 2nd period - Alexander Ovechkin wins face-off versus Jack Eichel in KELOWNA ROCKETS zone. 0:19 of 2nd period - Shot by Jack Eichel. 0:19 of 2nd period - Deflect By Brady Tkachuk. 0:19 of 2nd period - Shot Misses the Net. 0:21 of 2nd period - Shot by Mathew Dumba. 0:21 of 2nd period - Shot Blocked by Kristopher Letang. 0:25 of 2nd period - Shot by Jack Eichel. 0:25 of 2nd period - Goal by Jack Eichel - BANFF WOLVES : 1 - KELOWNA ROCKETS : 1. 0:26 of 2nd period - Auston Matthews wins face-off versus Jason Zucker in neutral zone. 1:09 of 2nd period - Shot by Auston Matthews. 1:09 of 2nd period - Shot Blocked by Miro Heiskanen. 1:11 of 2nd period - Shot by Mark Giordano. 1:11 of 2nd period - Shot Misses the Net. 1:13 of 2nd period - Shot by Auston Matthews. 1:13 of 2nd period - Stopped by Ilya Samsonov with a rebound. 1:37 of 2nd period - Shot by Kristopher Letang. 1:37 of 2nd period - Shot Misses the Net. 1:53 of 2nd period - Shot by Vladimir Tarasenko. 1:53 of 2nd period - Shot Misses the Net. 2:26 of 2nd period - Icing by Dmitri Orlov. 2:27 of 2nd period - Evgeny Kuznetsov wins face-off versus Joel Kellman in KELOWNA ROCKETS zone. 2:48 of 2nd period - Shot by Evgeny Kuznetsov. 2:48 of 2nd period - Shot Misses the Net. 3:02 of 2nd period - Shot by Miles Wood. 3:02 of 2nd period - Deflect By Alex Tuch. 3:02 of 2nd period - Shot Hit the Post. 3:10 of 2nd period - Niklas Hjalmarsson is hit by Miles Wood and loses puck. 4:09 of 2nd period - Shot by Brady Tkachuk. 4:09 of 2nd period - Shot Blocked by Adam Fox. 4:11 of 2nd period - Shot by Brady Tkachuk. 4:11 of 2nd period - Shot Misses the Net. 4:21 of 2nd period - Shot by Brady Tkachuk. 4:21 of 2nd period - Stopped by Tuukka Rask with a rebound. 4:23 of 2nd period - Shot by Miro Heiskanen. 4:23 of 2nd period - Shot Misses the Net. 4:39 of 2nd period - Shot by Brady Tkachuk. 4:39 of 2nd period - Stopped by Tuukka Rask without a rebound. 4:40 of 2nd period - Roope Hintz wins face-off versus Anthony Cirelli in KELOWNA ROCKETS zone. 4:41 of 2nd period - Shot by Jason Zucker. 4:41 of 2nd period - Stopped by Tuukka Rask without a rebound. 4:42 of 2nd period - Roope Hintz wins face-off versus Anthony Cirelli in KELOWNA ROCKETS zone. 4:43 of 2nd period - Shot by James van Riemsdyk. 4:43 of 2nd period - Stopped by Tuukka Rask without a rebound. 4:44 of 2nd period - Joel Kellman wins face-off versus Anthony Cirelli in KELOWNA ROCKETS zone. 5:43 of 2nd period - Shot by Alexander Ovechkin. 5:43 of 2nd period - Stopped by Ilya Samsonov with a rebound. 6:42 o